 Dungeon Crawl Stone Soup version 0.31-a0-175-g9f7f995f2b (webtiles) character file.

Game seed: 10322839775165479409

74 qw the Chopper (level 4, 0/28 HPs)
             Began as a Gargoyle Fighter on June 16, 2023.
             Slain by a gnoll
             ... wielding a +4 halberd
              (6 damage)
             ... on level 2 of the Dungeon.
             The game lasted 00:00:52 (1030 turns).

qw the Chopper (Gargoyle Fighter)                   Turns: 1030, Time: 00:00:53

Health: 0/28       AC: 15    Str: 22    XL:     4   Next: 28%
Magic:  4/4        EV: 11    Int:  8    God:
Gold:   32         SH:  4    Dex:  9    Spells: 3/3 levels left

rFire   . . .        Y - +0 war axe
rCold   . . .        c - +0 buckler
rNeg    + . .        i - +0 plate armour
rPois   inf          (no helmet)
rElec   +            (no cloak)
rCorr   .            (no gloves)
SInv    .            (no boots)
Will    .....        m - amulet of regeneration Stlth
                     g - +5 ring of evasion
HPRegen 1.04/turn    (no ring)
MPRegen 0.09/turn

%: no passive effects
@: no status effects
A: sickness immunity, AC +3, negative energy resistance 1, electricity
resistance, torment resistance 1, petrification resistance
a: no special abilities


You were on level 2 of the Dungeon.
You visited 1 branch of the dungeon, and saw 2 of its levels.

You collected 32 gold pieces.


Innate Abilities, Weirdness & Mutations

You are immune to sickness and miasma.
Your stone body is resilient. (AC +3)
You are immune to poison.
You resist negative energy. (rN+)
You are resistant to electric shocks. (rElec)
You are resistant to unholy torment.
You are immune to petrification.


   Skills:
 - Level 3.2 Fighting
 + Level 4.0 Axes
 - Level 3.2 Armour
 - Level 3.2 Shields


You had 3 spell levels left.
You didn't know any spells.
Your spell library was empty.

Inventory:

Hand Weapons
 e - a +0 morningstar
 Y - a +0 war axe (weapon)
Armour
 c - a +0 buckler (worn)
 i - a +0 plate armour (worn)
Jewellery
 g - a +5 ring of evasion (left hand)
 m - an amulet of regeneration (around neck)
Scrolls
 a - a scroll of identify
 b - a scroll of silence {unknown}
Potions
 d - a potion of might
 l - a potion of mutation
 p - a potion of attraction {unknown}

Dungeon Overview and Level Annotations

Branches:
Dungeon (2/15)

Altars:

Shops:
D:1 :


Message History

The endoplasm freezes you.
You are frozen.
You hit the endoplasm.
You kill the endoplasm!
You start resting.
HP restored.
A gnoll comes into view. It is wielding a +0 club.
Enter note:
Enter note: You hit the gnoll.
The gnoll is moderately wounded.
The gnoll barely misses you.
You slash the gnoll!
You kill the gnoll!
Your Axes skill increases to level 4!
A gnoll comes into view. It is wielding a +4 halberd.
The gnoll shouts!
You see here a +0 club.
Enter note:
Enter note:
1019 ||| Stepping ~*~*~tactically~*~*~ (hiding).
1020 ||| Stepping ~*~*~tactically~*~*~ (hiding).
You start waiting.
A gnoll is nearby!
The gnoll closely misses you.
You barely miss the gnoll. The gnoll hits you with a +4 halberd.
You closely miss the gnoll. The gnoll hits you with a +4 halberd!
Ouch! That really hurt!
You hit the gnoll.
The gnoll is lightly wounded.
The gnoll hits you with a +4 halberd! The gnoll closely misses you.
You barely miss the gnoll.
The gnoll is lightly wounded.
You block the gnoll's attack.
You closely miss the gnoll.
The gnoll is lightly wounded.
The gnoll hits you with a +4 halberd.
You die...

#.......######%###
##...##.#%.......#
.......#.#...##....##
####.#..#............
#.#.#.#...##....##
#.#.##..>###.##.# .
#.#.####.# #.##.## ...
#.#.# #.# #.##...
.....###@#.# #.# #.###.#
.P.P...g...####.###.###.#
PPP...##.#.......[......#
....# #.####.###.#######
#.# #(###.## ##.# #
#>....# #.# #####.## ##.#
#######.###.##
...........##


You could see a gnoll.

Vanquished Creatures
  A gnoll (D:2)
  An adder (D:2)
  A dart slug (D:1)
  5 orcs (D:2)
  6 ball pythons
  4 bats
  7 endoplasms
  2 giant cockroaches
  4 goblins (D:1)
  3 hobgoblins (D:1)
  2 frilled lizards (D:1)
  5 kobolds
  2 rats (D:1)
43 creatures vanquished.

Notes
Turn   | Place    | Note
-------+----------+-------------------------------------------
     0 | D:1      | qw the Gargoyle Fighter began the quest for the Orb.
     0 | D:1      | Reached XP level 1. HP: 14/14 MP: 1/1
     0 | D:1      | 0 ||| qw: Version: 0.2-a-29-g511e9b1
     0 | D:1      | 0 ||| qw: Game counter: 5926
     0 | D:1      | 0 ||| qw: Always use a shield: true
     0 | D:1      | 0 ||| qw: God list: Okawaru
     0 | D:1      | 0 ||| qw: Allow faded altars: false
     0 | D:1      | 0 ||| qw: Do Orc after D:15 true
     0 | D:1      | 0 ||| qw: Do second Lair branch before Depths: true
     0 | D:1      | 0 ||| qw: Lair rune preference: random
     0 | D:1      | 0 ||| qw: Plans: Normal, Zot:1-4, Slime:5, God:TSO, Crypt,
                  | Tomb, Abyss, Pan, Hells, Win
     0 | D:1      | 0 ||| PLANNING D:1-11
    62 | D:1      | 62 ||| Stepping ~*~*~tactically~*~*~ (stealth).
    68 | D:1      | Reached skill level 2 in Axes
    96 | D:1      | Reached XP level 2. HP: 19/19 MP: 2/2
   270 | D:1      | Found Xysir's Book Shoppe.
   299 | D:1      | Reached skill level 3 in Axes
   343 | D:1      | Reached XP level 3. HP: 19/23 MP: 3/3
   382 | D:1      | 382 ||| DROPPING +0 club.
   463 | D:1      | 463 ||| Stepping ~*~*~tactically~*~*~ (hiding).
   467 | D:1      | 467 ||| Stepping ~*~*~tactically~*~*~ (hiding).
   696 | D:1      | 696 ||| UPGRADING to +0 plate armour.
   706 | D:1      | 706 ||| DROPPING +0 scale mail.
   707 | D:1      | 707 ||| UPGRADING to amulet of guardian spirit.
   712 | D:1      | 712 ||| UPGRADING to amulet of regeneration.
   722 | D:1      | 722 ||| DROPPING amulet of guardian spirit.
   723 | D:1      | 723 ||| UPGRADING to +5 ring of evasion.
   724 | D:1      | 724 ||| READING 4 scrolls labelled CYDUHIUFRE.
   725 | D:1      | 725 ||| READING scroll labelled UTANWU ITTEO.
   726 | D:1      | 726 ||| READING scroll labelled CINIACYAVU.
   730 | D:1      | 730 ||| READING scroll labelled YFFEIT NUUPO.
   731 | D:1      | 731 ||| DRINKING 3 glowing white potions.
   732 | D:1      | 732 ||| READING 3 scrolls of identify.
   732 | D:1      | 732 ||| IDENTIFYING bubbling pink potion
   733 | D:1      | 733 ||| READING 2 scrolls of identify.
   733 | D:1      | 733 ||| IDENTIFYING puce potion
   734 | D:1      | 734 ||| DROPPING potion of berserk rage.
   735 | D:1      | 735 ||| DROPPING 2 potions of brilliance.
   783 | D:2      | 783 ||| DROPPING +0 whip.
   810 | D:2      | Found a faded altar of an unknown god.
   936 | D:2      | Reached XP level 4. HP: 28/28 MP: 4/4
  1018 | D:2      | Reached skill level 4 in Axes
  1019 | D:2      | 1019 ||| Stepping ~*~*~tactically~*~*~ (hiding).
  1020 | D:2      | 1020 ||| Stepping ~*~*~tactically~*~*~ (hiding).
  1028 | D:2      | HP: 3/28 [gnoll/+4 halberd (8)]
  1030 | D:2      | Slain by a gnoll

Levels and vault maps discovered:
D:1:      scummos_arrival_checkerplants, layout_rooms, serial_shops,
          nicolae_square_shop
D:2:      layout_loops_ring, hellmonk_ecumenical_altar_defaced_shrine,
          nicolae_grassy_gnolls

Skill      XL: |  1  2  3  4 |
---------------+-------------+-----
Axes           | 2 3 4 |  4.0
Fighting       | |  3.2
Armour         | |  3.2
Shields        | |  3.2

Action                     |  1- 3 |  4- 6 || total
---------------------------+-------+-------++-------
  Melee: War axe           |   124 |    24 ||   148
    Use: Scroll            |     6 |       ||     6
         Potion            |     1 |       ||     1
 Armour: Scale mail        |    41 |       ||    41
         Plate armour      |    23 |    10 ||    33
  Dodge: Dodged            |    61 |    10 ||    71
  Block: Buckler           |    26 |     6 ||    32

Table legend:
 A = Non-vault XP
 B = Vault XP
 C = Vault XP percentage of total XP
 D = Non-vault monster count
 E = Vault monster count
 F = Vault count percentage of total count
                 A         B        C        D         E       F
            +---------+---------+-------+---------+---------+-------
      Total |      77 |      29 |  27.4 |      37 |       6 |  14.0
            +---------+---------+-------+---------+---------+-------
        D:1 |      51 |       0 |   0.0 |      29 |       0 |   0.0
        D:2 |      26 |      29 |  52.7 |       8 |       6 |  42.9
            +---------+---------+-------+---------+---------+-------
